 Dungeon Crawl Stone Soup version 0.28.0-47-ge53b351184 (webtiles) character file.

Game seed: 2542536396877237136

64 Gabide the Grave Robber (level 3, 0/26 HPs)
             Began as a Mummy Necromancer on May 6, 2022.
             Was a Believer of Sif Muna.
             Killed from afar by Crazy Yiuf (9 damage)
             ... with a puff of flame
             ... on level 2 of the Dungeon.
             The game lasted 00:02:35 (3079 turns).

Gabide the Grave Robber (Mummy Necromancer)         Turns: 3079, Time: 00:02:36

Health: 0/26       AC:  2    Str: 11    XL:     3   Next: 91%
Magic:  6/7        EV: 12    Int: 16    God:    Sif Muna [**....]
Gold:   41         SH:  0    Dex: 12    Spells: 4/8 levels left

rFire   . . .      SeeInvis .   (no weapon)
rCold   . . .      Faith    .   (no shield)
rNeg    + + +      Spirit   .   a - +0 robe
rPois   ∞          Reflect  .   (no helmet)
rElec   .          Harm     .   (no cloak)
rCorr   .          Rampage  .   (no gloves)
Will    .....                   (no boots)
Stlth   ++........              (no amulet)
HPRegen 0.08/turn               b - ring of fire
MPRegen 0.10/turn               (no ring)

@: no status effects
A: cold resistance 1, negative energy resistance 3, torment resistance 2, heat
vulnerability 1, no potions
a: Renounce Religion, Channel Magic


You were on level 2 of the Dungeon.
You worshipped Sif Muna.
Sif Muna was pleased with you.
You visited 1 branch of the dungeon, and saw 2 of its levels.

You collected 41 gold pieces.

Inventory:

Armour
 a - a +0 robe (worn)
Jewellery
 b - a ring of fire (left hand)
Scrolls
 c - a scroll of holy word {unknown}
 d - a scroll of identify {unknown}


   Skills:
 * Level 1.5 Fighting
 * Level 2.2 Dodging
 - Level 1.5 Stealth
 + Level 0.5 Unarmed Combat
 * Level 3.4 Spellcasting
 * Level 4.3 Necromancy


You had 4 spell levels left.
You knew the following spells:

 Your Spells              Type           Power      Damage    Failure   Level
a - Pain                  Necr           64%        1d7       3%          1
b - Vampiric Draining     Necr           16%        2d7       9%          3

Your spell library contained the following spells:

 Spells                   Type           Power      Damage    Failure   Level
 Animate Skeleton         Necr           32%        N/A       3%          1
 Animate Dead             Necr           8%         N/A       30%         4
 Agony                    Necr           16%        N/A       63%         5
 Summon Forest            Summ/Tloc      1%         N/A       99%         5
 Eringya's Noxious Bog    Tmut/Pois      1%         N/A       100%        6
 Summon Hydra             Summ           1%         N/A       100%        7


Dungeon Overview and Level Annotations

Branches:
Dungeon (2/15)

Altars:
Sif Muna

Annotations:
D:2 Crazy Yiuf


Innate Abilities, Weirdness & Mutations

You are immune to poison.
Your flesh is cold resistant. (rC+)
You are immune to negative energy. (rN+++)
You are immune to unholy pain and torment.
You are vulnerable to heat. (rF-)
You do not drink.


Message History

A goblin is nearby!
The goblin shouts!
The goblin writhes in agony.
You kill the goblin!
Sif Muna accepts your kill.
You can't see any susceptible monsters within range! (Use Z to cast anyway.)
There is an open door here.
You open the door.
There is an open door here.
A goblin comes into view. It is wielding a +0 dagger.
A goblin is nearby!
The goblin shouts!
The goblin barely resists.
A giant cockroach comes into view.
The goblin writhes in agony.
You kill the goblin!
Sif Muna accepts your kill.
The giant cockroach writhes in agony!
You kill the giant cockroach!
Sif Muna accepts your kill.
You can't see any susceptible monsters within range! (Use Z to cast anyway.) This spell is quite dangerous to cast!
Memorise Vampiric Draining, consuming 3 spell levels and leaving 4?
You start memorising the spell.
You continue memorising. x3
You finish memorising.
Spell assigned to 'b'.
There is an open door here.
There is an open door here.
Could not explore, unopened runed door.
Could not explore, unopened runed door.
Press: ? - help, v - describe, . - travel
Here: Crazy Yiuf, wielding a +4 quarterstaff of chaos, wearing a +0 cloak and carrying a wand of flame (16) (fire blocked by a runed translucent door)
The floor.
Unknown command.
Unknown command.
You open the door.
Crazy Yiuf zaps a wand.
The puff of flame hits you!
Crazy Yiuf barely resists.
Crazy Yiuf cries, "You leg down broken song, no?"
Crazy Yiuf zaps a wand.
The puff of flame hits you!
Crazy Yiuf zaps a wand.
The puff of flame hits you!
You die...

#.###########......#
#.............#.####
#.#############.#
#.# #.# ### #.#
######## #.#
.......# ♣♣♣♣♣###.#
######## ###
♣♣♣.♣..#.#.#
#...#♣.@♣.......#
#..g'.♣♣♣♣......#
#)..#♣♣ ♣♣.#...# ###
♣♣###.# #.# ##.#
#..# ####


You could see Crazy Yiuf.

Vanquished Creatures
  An adder (D:2)
  A worm (D:2)
  2 dart slugs (D:2)
  4 bats
  6 endoplasms
  2 giant cockroaches
  5 goblins
  5 hobgoblins (D:1)
  12 ball pythons
  3 frilled lizards
  A kobold (D:2)
  2 rats (D:2)
44 creatures vanquished.

Notes
Turn   | Place    | Note
-------+----------+-------------------------------------------
     0 | D:1      | Gabide the Mummy Necromancer began the quest for the Orb.
     0 | D:1      | Reached XP level 1. HP: 13/13 MP: 4/4
   178 | D:1      | Found a faded altar of an unknown god.
   188 | D:1      | Prayed at the altar of an unknown god.
   188 | D:1      | Became a worshipper of Sif Muna the Loreminder
   188 | D:1      | Reached * piety under Sif Muna
   245 | D:1      | Reached XP level 2. HP: 20/20 MP: 3/5
  1288 | D:1      | Reached skill level 1 in Fighting
  1604 | D:2      | Reached XP level 3. HP: 26/26 MP: 2/7
  2293 | D:2      | Found a runed translucent door.
  2294 | D:2      | Noticed Crazy Yiuf
  2626 | D:2      | Reached ** piety under Sif Muna
  3000 | D:2      | Learned a level 3 spell: Vampiric Draining
  3079 | D:2      | Killed from afar by Crazy Yiuf

Illustrated notes

Levels and vault maps discovered:
D:1:      dpeg_chamrin_arrival_tetris, layout_basic,
          hellmonk_ecumenical_altar_leap_of_faith
D:2:      mumra_celtic_spiral_tile, layout_basic, uniq_crazy_yiuf_cottage

Skill      XL: |  1  2 |
---------------+-------+-----
Spellcasting   | 3 |  3.4
Fighting       | 1 |  1.5
Dodging        | 2 |  2.2
Stealth        | |  1.5
Unarmed Combat | |  0.5
Necromancy     | |  4.3

Action                   || total
-------------------------++-------
Melee: Unarmed           ||     7
 Cast: Pain              ||    92
Armor: Robe              ||     1
Dodge: Dodged            ||     8
